 Dungeon Crawl Stone Soup version 0.29.0-13-gc9e81de378 (webtiles) character file.

Game seed: 398187203725714194

32 manyhoops the Insei (level 2, -4/23 HPs)
             Began as a Demigod Transmuter on Sept 8, 2022.
             Slain by a goblin
             ... wielding a +0 dagger
             ... led by Robin
              (6 damage)
             ... on level 2 of the Dungeon.
             The game lasted 00:01:20 (1137 turns).

manyhoops the Insei (Demigod Transmuter)            Turns: 1137, Time: 00:01:21

Health: -4/23      AC:  2    Str: 11    XL:     2   Next: 96%
Magic:  6/7        EV: 12    Int: 15    God:
Gold:   0          SH:  0    Dex: 14    Spells: 1/4 levels left

rFire   . . .      SeeInvis .     - Unarmed
rCold   . . .      Faith    .   (no shield)
rNeg    . . .      Spirit   .   a - +0 robe
rPois   .          Reflect  .   (no helmet)
rElec   .          Harm     .   (no cloak)
rCorr   .          Rampage  .   (no gloves)
Will    .....                   (no boots)
Stlth   +.........              (no amulet)
HPRegen 0.07/turn               (no ring)
MPRegen 0.10/turn               (no ring)

@: lethally poisoned (-4 -> -19), wereblooded (expiring)
A: high MP 1, forlorn, divine attributes
a: no special abilities


You were on level 2 of the Dungeon.
You visited 1 branch of the dungeon, and saw 2 of its levels.

Inventory:

Armour
 a - a +0 robe (worn)
Scrolls
 c - a scroll of magic mapping {unknown}
 e - 2 scrolls of identify {unknown}
 g - 2 scrolls of teleportation {unknown}
 i - 2 scrolls of blinking {unknown}
Potions
 b - a potion of lignification
 d - 2 potions of curing {unknown}
 f - a potion of brilliance {unknown}
 h - 2 potions of flight {unknown}


   Skills:
 * Level 1.6 Fighting
 - Level 1.7 Dodging
 + Level 3.5 Unarmed Combat
 - Level 1.7 Spellcasting
 - Level 1.7 Transmutations


You had one spell level left.
You knew the following spells:

 Your Spells              Type           Power      Damage    Failure   Level
a - Beastly Appendage     Tmut           12%        N/A       11%         1
b - Wereblood             Tmut           6%         N/A       17%         2

Your spell library contained the following spells:

 Spells                   Type           Power      Damage    Failure   Level
 Spider Form              Tmut/Pois      3%         N/A       43%         3
 Ice Form                 Ice/Tmut       3%         N/A       85%         4


Dungeon Overview and Level Annotations

Branches:
Dungeon (2/15)

Annotations:
D:2 Robin


Innate Abilities, Weirdness & Mutations

You have an increased reservoir of magic. (+10% MP)
You shall have no god before yourself.
Your divine heritage dramatically boosts your attributes as you level up.


Message History

Your primal bloodlust is almost over.
The bat hits you but does no damage. The bat barely misses you.
The goblin closely misses you.
Okay, then.
You hit the goblin.
The goblin is severely wounded.
You howl as the wereblood boils in your veins!
The bat barely misses you. The bat hits you but does no damage.
The goblin closely misses you.
You completely miss the goblin.
The goblin is severely wounded.
The bat misses you. The bat hits you. The goblin hits you but does no damage.
The bat hits you but does no damage.
You miss the goblin.
The goblin is severely wounded.
You howl as the wereblood boils in your veins!
The bat barely misses you. Robin throws the goblin at you!
The goblin closely misses you. The goblin hits you with a +0 dagger.
The goblin unwields a +0 sling.
The goblin wields a +0 dagger.
The goblin barely misses you.
You hit the goblin.
You feel a bit better.
You kill the goblin!
The bat hits you but does no damage. The goblin misses you.
Robin hits you with a +1 dagger of venom.
You are lethally poisoned!
The goblin attacks as you move away! The goblin closely misses you.
The bat attacks as you move away! The bat hits you but does no damage.
You feel sick. The bat hits you but does no damage. The bat barely misses you.
The goblin closely misses you. Robin closely misses you.
Items here: ( ))) ††††.
The goblin attacks as you move away! The goblin closely misses you.
Robin attacks as you move away!
Robin hits you with a +1 dagger of venom.
* * * LOW HITPOINT WARNING * * *
You are more poisoned.
* * * LOW HITPOINT WARNING * * *
You feel very sick. The bat barely misses you. Robin throws the goblin at you!
The goblin hits you with a +0 dagger.
You die...

#......... #
#......... #.
#.........
###.###....<....
#...............
#.........g...#
#.....ggggb...#
#......#b##.###
######.g@#
#....### #.####
#


You could see Robin, a hobgoblin (strong), 3 goblins and a bat.

Vanquished Creatures
  3 giant cockroaches
  3 hobgoblins
  A quokka (D:1)
  8 ball pythons
  3 bats
  3 frilled lizards
  6 goblins
  2 kobolds
  4 rats (D:1)
33 creatures vanquished.

Notes
Turn   | Place    | Note
-------+----------+-------------------------------------------
     0 | D:1      | manyhoops the Demigod Transmuter began the quest for the
                  | Orb.
     0 | D:1      | Reached XP level 1. HP: 15/15 MP: 5/5
    56 | D:1      | Reached skill level 1 in Fighting
   188 | D:1      | Reached skill level 3 in Unarmed Combat
   460 | D:1      | Reached XP level 2. HP: 23/23 MP: 5/7
   994 | D:1      | Learned a level 2 spell: Wereblood
  1126 | D:2      | Noticed Robin
  1137 | D:2      | Slain by a goblin

Illustrated notes

Levels and vault maps discovered:
D:1:      ebering_hopf_link, layout_basic, nicolae_ecumenical_lake_church
D:2:      cheibrodos_old_hovel, layout_rooms, serial_shops, shop, serial_curves,
          eino_curves_02, eino_curves_01, uniq_terence, uniq_robin

Skill      XL: |  1 |
---------------+----+-----
Fighting       | 1 |  1.6
Unarmed Combat | 3 |  3.5
Dodging        | |  1.7
Spellcasting   | |  1.7
Transmutations | |  1.7

Action                   || total
-------------------------++-------
Melee: Unarmed           ||    77
       Kick              ||    14
       Headbutt          ||     6
       Punch             ||     2
 Cast: Beastly Appendage ||    12
       Wereblood         ||     1
 Stab: Distracted        ||     1
Armor: Robe              ||    30
Dodge: Dodged            ||    82
